 Dungeon Crawl Stone Soup version 0.21.1-1-g345015fe64 (webtiles) character file.

1386 Nattfarinn the Shield-Bearer (level 8, -2/67 HPs)
             Began as a Gnoll Fighter on May 4, 2018.
             Was an Initiate of Okawaru.
             Slain by an orc warrior
             ... wielding a +0 dire flail
              (21 damage)
             ... on level 6 of the Dungeon.
             The game lasted 00:09:36 (5170 turns).

Nattfarinn the Shield-Bearer (Gnoll Fighter)        Turns: 5170, Time: 00:09:37

Health: -2/67      AC:  8    Str: 27    XL:     8   Next: 67%
Magic:  13/13      EV: 10    Int: 10    God:    Okawaru [......]
Gold:   175        SH: 12    Dex: 14    Spells: 13/13 levels left

rFire    . . .     SeeInvis .   a - +0 war axe
rCold    + . .     Gourm    .   c - +0 shield
rNeg     . . .     Faith    .   v - +0 scale mail
rPois    .         Spirit   .   (no helmet)
rElec    .         Reflect  .   (no cloak)
rCorr    .         Harm     .   (no gloves)
MR       .....                  (no boots)
Stlth    ++........             (no amulet)
HPRegen  0.21/turn              o - ring of protection from cold
MPRegen  0.13/turn              q - ring of stealth

@: mighty
A: distributed training, fangs 1, strong nose
a: Renounce Religion


You were on level 6 of the Dungeon.
You worshipped Okawaru.
Okawaru was noncommittal.
You were not hungry.

You visited 2 branches of the dungeon, and saw 7 of its levels.

You collected 214 gold pieces.
You spent 39 gold pieces at shops.

Inventory:

Hand Weapons
 a - a +0 war axe (weapon)
 b - a +0 blowgun
Missiles
 u - 59 poisoned needles
Armour
 c - a +0 shield (worn)
 v - a +0 scale mail (worn)
Jewellery
 o - a ring of protection from cold (left hand)
 q - a ring of stealth (right hand)
Wands
 w - a wand of random effects (12)
 y - a wand of polymorph (11)
Scrolls
 h - 3 scrolls of remove curse
 i - 2 scrolls of teleportation {unknown}
 j - 2 scrolls of identify
 l - a scroll of enchant armour {unknown}
 m - a scroll of immolation {unknown}
 r - a scroll of magic mapping {unknown}
 s - a scroll of enchant weapon {unknown}
 t - a scroll of amnesia {unknown}
 A - a scroll of fog {unknown}
Potions
 e - 3 potions of mutation {unknown}
 g - 2 potions of lignification {unknown}
 k - a potion of curing
 n - a potion of brilliance {unknown}
 x - a potion of resistance {unknown}
 z - 2 potions of ambrosia {unknown}
Books
 p - a book of Cantrips

   Spells                             Type                      Level
   a - Confusing Touch                Hexes                        1
   b - Animate Skeleton               Necromancy                   1
   c - Summon Small Mammal            Summoning                    1
   d - Apportation                    Translocation                1
Comestibles
 f - 10 rations


   Skills:
 + Level 7.4 Fighting
 + Level 3.4 Short Blades
 + Level 3.4 Long Blades
 + Level 5.8 Axes
 + Level 3.4 Maces & Flails
 + Level 3.4 Polearms
 + Level 3.4 Staves
 + Level 3.4 Slings
 + Level 3.4 Bows
 + Level 3.4 Crossbows
 + Level 3.4 Throwing
 + Level 7.4 Armour
 + Level 3.4 Dodging
 + Level 3.4 Stealth
 + Level 7.4 Shields
 + Level 3.4 Unarmed Combat
 + Level 3.4 Spellcasting
 + Level 2.8 Conjurations
 + Level 2.8 Hexes
 + Level 2.8 Charms
 + Level 2.8 Summonings
 + Level 2.8 Necromancy
 + Level 2.8 Translocations
 + Level 2.8 Transmutations
 + Level 2.8 Fire Magic
 + Level 2.8 Ice Magic
 + Level 2.8 Air Magic
 + Level 2.8 Earth Magic
 + Level 2.8 Poison Magic
 + Level 3.7 Invocations
 + Level 3.4 Evocations


You had 13 spell levels left.
You didn't know any spells.

Dungeon Overview and Level Annotations

Branches:
Dungeon (6/15)             Temple (1/1) D:5

Altars:
Cheibriados
Dithmenos
Elyvilon
Fedhas
Hepliaklqana
Kikubaaqudgha
Makhleb
Nemelex Xobeh
Okawaru
Qazlal
Ru
Trog
Uskayaw
Vehumet
Xom
Yredelemnul
Zin
The Shining One

Shops:
D:4 !


Innate Abilities, Weirdness & Mutations

Your experience applies equally to all skills.
You have very sharp teeth.
Your uncanny sense of smell can sniff out nearby items.


Message History

You hit the orc warrior but do no damage.
Your bite misses the orc warrior.
The orc warrior is heavily wounded.
You block the orc warrior's attack.
Okay, then.
You hit the orc warrior but do no damage.
The orc warrior is heavily wounded.
You block the orc warrior's attack.
The orc priest looks satisfied for a moment.
You slash the orc warrior!
The orc warrior is almost dead.
The orc priest miscasts a cantrip.
The orc warrior closely misses you.
The orc priest looks encouraged for a moment.
The orc warrior hits you with a dire flail.
* * * LOW HITPOINT WARNING * * *
You feel better.
You feel very mighty all of a sudden.
The orc warrior hits you with a dire flail!!
You die...

###...........
#...........
#...........
#...........
#...........
#...........
#o#########
#o#....#
#@#....#
#.#....######
#...........#
#...........#
#...........#
#...........#
#...........#
#.....<.....#
#...........#


You could see an orc warrior and an orc priest.

Vanquished Creatures
  Grinder (D:5)
  Eustachio (D:5)
  A sky beast (D:5)
  An orc warrior (D:6)
  2 ogres
  A bullfrog (D:6)
  A howler monkey (D:4)
  3 orc priests
  A hound (D:6)
  A centaur skeleton (D:4)
  An orc wizard (D:4)
  2 iguanas
  4 worker ants
  A howler monkey skeleton (D:3)
  8 gnolls
  4 adders
  A shadow imp (D:5)
  3 worms
  3 dart slugs
  4 leopard geckos
  23 orcs
  10 bats
  9 giant cockroaches
  11 goblins
  11 hobgoblins
  4 jackals (D:1)
  4 quokkas
  8 frilled lizards
  7 kobolds
  2 quokka skeletons (D:4)
  5 rats
138 creatures vanquished.

Notes
Turn   | Place    | Note
-------+----------+-------------------------------------------
     0 | D:1      | Nattfarinn the Gnoll Fighter began the quest for the Orb.
     0 | D:1      | Reached XP level 1. HP: 23/23 MP: 1/1
   114 | D:1      | Reached XP level 2. HP: 29/29 MP: 2/2
   514 | D:1      | Reached XP level 3. HP: 35/35 MP: 3/3
   708 | D:1      | Reached skill level 1 in Invocations
   936 | D:2      | Reached skill level 1 in Short Blades
   936 | D:2      | Reached skill level 1 in Long Blades
   936 | D:2      | Reached skill level 1 in Maces & Flails
   936 | D:2      | Reached skill level 1 in Polearms
   936 | D:2      | Reached skill level 1 in Staves
   936 | D:2      | Reached skill level 1 in Slings
   936 | D:2      | Reached skill level 1 in Bows
   936 | D:2      | Reached skill level 1 in Crossbows
   936 | D:2      | Reached skill level 1 in Throwing
   936 | D:2      | Reached skill level 1 in Dodging
   936 | D:2      | Reached skill level 1 in Stealth
   936 | D:2      | Reached skill level 1 in Unarmed Combat
   936 | D:2      | Reached skill level 1 in Spellcasting
   936 | D:2      | Reached skill level 1 in Evocations
   936 | D:2      | Reached XP level 4. HP: 23/41 MP: 5/5
  1104 | D:2      | Reached skill level 1 in Conjurations
  1104 | D:2      | Reached skill level 1 in Hexes
  1104 | D:2      | Reached skill level 1 in Charms
  1104 | D:2      | Reached skill level 1 in Summonings
  1104 | D:2      | Reached skill level 1 in Necromancy
  1104 | D:2      | Reached skill level 1 in Translocations
  1104 | D:2      | Reached skill level 1 in Transmutations
  1104 | D:2      | Reached skill level 1 in Fire Magic
  1104 | D:2      | Reached skill level 1 in Ice Magic
  1104 | D:2      | Reached skill level 1 in Air Magic
  1104 | D:2      | Reached skill level 1 in Earth Magic
  1104 | D:2      | Reached skill level 1 in Poison Magic
  1343 | D:2      | Found a shimmering altar of Xom.
  1416 | D:2      | Reached XP level 5. HP: 47/47 MP: 6/6
  2371 | D:3      | Reached XP level 6. HP: 50/53 MP: 8/8
  2735 | D:4      | Reached skill level 5 in Axes
  3022 | D:4      | Found Tyirul's Distillery.
  3031 | D:4      | Reached XP level 7. HP: 54/59 MP: 10/10
  3257 | D:4      | Bought a potion of curing for 39 gold pieces
  3892 | D:4      | Found a white marble altar of Elyvilon.
  3928 | D:5      | Entered Level 5 of the Dungeon
  3932 | D:5      | Got a shadowed robe
  3934 | D:5      | Identified the cursed +0 robe "Qecunoig" {rElec Str-5 Int+2} (You found it on level 5 of the Dungeon)
  4061 | D:5      | Noticed Eustachio
  4089 | D:5      | Killed Eustachio
  4168 | D:5      | Reached XP level 8. HP: 62/67 MP: 12/12
  4205 | D:5      | Found a staircase to the Ecumenical Temple.
  4212 | D:5      | Noticed Grinder
  4219 | Temple   | Entered the Ecumenical Temple
  4347 | Temple   | Became a worshipper of Warmaster Okawaru
  4383 | D:5      | Paralysed by Grinder for 7 turns
  4403 | D:5      | Killed Grinder
  5163 | D:6      | HP: 1/67 [orc warrior/dire flail (13)]
  5170 | D:6      | Slain by an orc warrior

Skill      XL: |  1  2  3  4  5  6  7  8 |
---------------+-------------------------+-----
Invocations    | 1 2 3 |  3.7
Short Blades   | 1 2 3 |  3.4
Long Blades    | 1 2 3 |  3.4
Maces & Flails | 1 2 3 |  3.4
Polearms       | 1 2 3 |  3.4
Staves         | 1 2 3 |  3.4
Slings         | 1 2 3 |  3.4
Bows           | 1 2 3 |  3.4
Crossbows      | 1 2 3 |  3.4
Throwing       | 1 2 3 |  3.4
Dodging        | 1 2 3 |  3.4
Stealth        | 1 2 3 |  3.4
Unarmed Combat | 1 2 3 |  3.4
Spellcasting   | 1 2 3 |  3.4
Evocations     | 1 2 3 |  3.4
Conjurations   | 1 2 |  2.8
Hexes          | 1 2 |  2.8
Charms         | 1 2 |  2.8
Summonings     | 1 2 |  2.8
Necromancy     | 1 2 |  2.8
Translocations | 1 2 |  2.8
Transmutations | 1 2 |  2.8
Fire Magic     | 1 2 |  2.8
Ice Magic      | 1 2 |  2.8
Air Magic      | 1 2 |  2.8
Earth Magic    | 1 2 |  2.8
Poison Magic   | 1 2 |  2.8
Axes           | 5 |  5.8
Fighting       | 7 |  7.4
Armour         | 7 |  7.4
Shields        | 7 |  7.4

Action                   |  1- 3 |  4- 6 |  7- 9 || total
-------------------------+-------+-------+-------++-------
Melee: War axe           |    92 |   162 |   130 ||   384
       Bite              |     6 |    19 |    13 ||    38
 Fire: Blowgun           |       |       |    22 ||    22
  Use: Scroll            |       |       |     2 ||     2
       Potion            |       |       |     5 ||     5
 Stab: Sleeping          |       |       |     2 ||     2
  Eat: Chunk             |       |     7 |     4 ||    11
       Ration            |       |       |     1 ||     1
Armor: Scale mail        |    48 |    37 |    26 ||   111
Dodge: Dodged            |    36 |    44 |    49 ||   129
Block: Shield            |    61 |    94 |    67 ||   222
